 Dungeon Crawl Stone Soup version 0.31-a0-167-g1c394c0614 (webtiles) character file.

Game seed: 2770820203509697642

36 qw the Shooter (level 3, -2/32 HPs)
             Began as a Naga Hunter on June 14, 2023.
             Slain by Sigmund
             ... wielding a +0 scythe
              (12 damage)
             ... on level 2 of the Dungeon.
             The game lasted 00:00:19 (985 turns).

qw the Shooter (Naga Hunter)                         Turns: 985, Time: 00:00:20

Health: -2/32      AC:  2    Str: 13    XL:     3   Next: 37%
Magic:  3/3        EV:  9    Int:  9    God:
Gold:   46         SH:  0    Dex: 16    Spells: 2/2 levels left

rFire   . . .        Y - +0 shortbow
rCold   . . .        (shield currently unavailable)
rNeg    . . .        c - +0 leather armour
rPois   +            (no helmet)
rElec   .            (no cloak)
rCorr   .            (no gloves)
SInv    +            (no barding)
Will    .....        (no amulet)
Stlth   ++           (no ring)
HPRegen 0.25/turn    (no ring)
MPRegen 0.08/turn

%: no passive effects
@: very slow
A: AC +1, large, see invisible, deformed body, poison resistance, slowness 2,
spit poison 1, naga tail 1
a: Spit Poison


You were on level 2 of the Dungeon.
You visited 1 branch of the dungeon, and saw 2 of its levels.

You collected 46 gold pieces.


Innate Abilities, Weirdness & Mutations

Your serpentine skin is tough. (AC +1)
You have supernaturally acute eyesight. (SInv)
Armour fits poorly on your strangely shaped body.
Your system is resistant to poisons. (rPois)
You cover ground very slowly.
You can spit poison.
You have a snake-like lower body.


   Skills:
 - Level 2.0 Fighting
 + Level 4.6 Ranged Weapons
 - Level 1.5 Dodging
 - Level 1.5 Stealth


You had 2 spell levels left.
You didn't know any spells.
Your spell library was empty.

Inventory:

Hand Weapons
 Y - a +0 shortbow (weapon)
Armour
 c - a +0 leather armour (worn)
Scrolls
 a - 3 scrolls of teleportation
 b - a scroll of identify
Potions
 e - a potion of curing {unknown}
 f - a potion of magic {unknown}
 i - a potion of haste {unknown}

Dungeon Overview and Level Annotations

Branches:
Dungeon (2/15)

Altars:
Yredelemnul

Annotations:
D:2 Natasha, Sigmund


Message History

Aiming: Spit Poison (2% risk of failure)
Press: ? - help, Shift-Dir - straight line, f - ball python The splash of poison hits the ball python!
The ball python is poisoned.
You kill the ball python!
You have got your breath back.
Natasha, Sigmund and a rat come into view.
975 ||| Stepping ~*~*~tactically~*~*~ (outnumbered).
977 ||| INVOKING Spit Poison.
Aiming: Spit Poison (2% risk of failure)
Press: ? - help, Shift-Dir - straight line, f - rat The splash of poison hits the rat.
The rat is poisoned.
You kill the rat!
Sigmund shouts!
You hear an angry hiss.
978 ||| Stepping ~*~*~tactically~*~*~ (outnumbered).
You shoot an arrow. The arrow hits Sigmund.
Sigmund is lightly wounded.
Sigmund casts a spell at you. The magic dart hits you.
You shoot an arrow. The arrow closely misses Sigmund.
You shoot an arrow. The arrow closely misses Sigmund.
You have got your breath back.
982 ||| INVOKING Spit Poison.
Aiming: Spit Poison (2% risk of failure)
Press: ? - help, Shift-Dir - straight line, f/p - Sigmund The splash of poison hits Sigmund.
Sigmund is poisoned.
Sigmund is lightly wounded.
Sigmund points at you and mumbles some strange words.
The puff of flame hits you!
You shoot an arrow.
The arrow hits Sigmund but does no damage.
Sigmund is lightly wounded.
Sigmund hits you from afar with a +0 scythe!
You shoot an arrow. The arrow hits Sigmund.
Sigmund is moderately wounded.
Sigmund hits you from afar with a +0 scythe.
You shoot an arrow. The arrow closely misses Sigmund.
You have got your breath back.
Sigmund hits you from afar with a +0 scythe!
You die...

,,,,,,,,,,,..# ***********#.# #.#
#.# #.########* #.........#
*****#######.#######.####***
*,,,,...)................,,*
,,***##.........@.@...#.#*,* ***
#.####.###.###..#,**,*** #.# #.#
#......%..,,,,* #######.# #.#
###.......,,,,****
........####.####.....#h.,,,,,,,*
******#...........#.....#*,,,,,,*
#.###..####.....#.****,*,,* #.#
#..###****....,<,,,*,,* #.#
#....,,,,,.##.***,,*,,*


You could see Sigmund (poisoned).

Vanquished Creatures
  2 dart slugs (D:1)
  A worm (D:2)
  An endoplasm (D:1)
  6 goblins
  A hobgoblin (D:2)
  2 quokkas
  4 ball pythons
  3 bats (D:1)
  2 frilled lizards
  5 kobolds
  4 rats
31 creatures vanquished.

Notes
Turn   | Place    | Note
-------+----------+-------------------------------------------
     0 | D:1      | qw the Naga Hunter began the quest for the Orb.
     0 | D:1      | Reached XP level 1. HP: 19/19 MP: 1/1
     0 | D:1      | 0 ||| qw: Version: 0.2-a-29-g1fa15c8
     0 | D:1      | 0 ||| qw: Game counter: 5057
     0 | D:1      | 0 ||| qw: Always use a shield: true
     0 | D:1      | 0 ||| qw: God list: Okawaru
     0 | D:1      | 0 ||| qw: Allow faded altars: false
     0 | D:1      | 0 ||| qw: Do Orc after D:15 true
     0 | D:1      | 0 ||| qw: Do second Lair branch before Depths: true
     0 | D:1      | 0 ||| qw: Lair rune preference: random
     0 | D:1      | 0 ||| qw: Plans: Normal
     0 | D:1      | 0 ||| PLANNING D:1-11
    72 | D:1      | 72 ||| INVOKING Spit Poison.
    79 | D:1      | 79 ||| INVOKING Spit Poison.
    93 | D:1      | 93 ||| INVOKING Spit Poison.
   115 | D:1      | 115 ||| INVOKING Spit Poison.
   116 | D:1      | Reached skill level 4 in Ranged Weapons
   116 | D:1      | Reached XP level 2. HP: 26/26 MP: 2/2
   316 | D:1      | 316 ||| INVOKING Spit Poison.
   358 | D:1      | 358 ||| INVOKING Spit Poison.
   370 | D:1      | 370 ||| INVOKING Spit Poison.
   424 | D:1      | 424 ||| INVOKING Spit Poison.
   435 | D:1      | 435 ||| INVOKING Spit Poison.
   439 | D:1      | 439 ||| INVOKING Spit Poison.
   442 | D:1      | 442 ||| INVOKING Spit Poison.
   445 | D:1      | 445 ||| INVOKING Spit Poison.
   508 | D:1      | 508 ||| INVOKING Spit Poison.
   549 | D:1      | 549 ||| INVOKING Spit Poison.
   554 | D:1      | You fall into a shaft and drop 1 floor!
   586 | D:2      | 586 ||| INVOKING Spit Poison.
   588 | D:2      | 588 ||| READING 4 scrolls labelled QYSCHE JUOQOA.
   593 | D:2      | 593 ||| READING 3 scrolls labelled HAIHOG PIZEKA.
   594 | D:2      | 594 ||| READING scroll labelled KOG TUK KIJAM.
   595 | D:2      | 595 ||| DROPPING scroll of butterflies.
   596 | D:2      | 596 ||| DROPPING 2 scrolls of revelation.
   599 | D:2      | 599 ||| INVOKING Spit Poison.
   604 | D:2      | Found a basalt altar of Yredelemnul.
   658 | D:1      | 658 ||| INVOKING Spit Poison.
   661 | D:1      | 661 ||| INVOKING Spit Poison.
   666 | D:1      | 666 ||| INVOKING Spit Poison.
   680 | D:1      | 680 ||| INVOKING Spit Poison.
   698 | D:1      | 698 ||| INVOKING Spit Poison.
   699 | D:1      | Reached XP level 3. HP: 32/32 MP: 3/3
   747 | D:1      | 747 ||| INVOKING Spit Poison.
   751 | D:1      | 751 ||| INVOKING Spit Poison.
   824 | D:1      | 824 ||| READING scroll labelled VAOL YTOSCHONOY.
   859 | D:2      | 859 ||| INVOKING Spit Poison.
   865 | D:2      | 865 ||| INVOKING Spit Poison.
   873 | D:2      | 873 ||| INVOKING Spit Poison.
   903 | D:2      | 903 ||| INVOKING Spit Poison.
   951 | D:2      | 951 ||| INVOKING Spit Poison.
   963 | D:2      | 963 ||| INVOKING Spit Poison.
   974 | D:2      | Noticed Natasha
   974 | D:2      | Noticed Sigmund
   975 | D:2      | 975 ||| Stepping ~*~*~tactically~*~*~ (outnumbered).
   977 | D:2      | 977 ||| INVOKING Spit Poison.
   978 | D:2      | 978 ||| Stepping ~*~*~tactically~*~*~ (outnumbered).
   982 | D:2      | 982 ||| INVOKING Spit Poison.
   985 | D:2      | Slain by Sigmund

Levels and vault maps discovered:
D:1:      minmay_arrival_widening_spiral_wide, layout_loops_ring, minivault_11,
          nicolae_figureground_sparkle
D:2:      layout_loops_ring, basic_altar, bh_walls_and_bars, uniq_natasha,
          uniq_sigmund

Skill      XL: |  1 |
---------------+----+-----
Ranged Weapons | 4 |  4.6
Fighting       | |  2.0
Dodging        | |  1.5
Stealth        | |  1.5

Action                     || total
---------------------------++-------
   Fire: Shortbow          ||    39
Ability: Spit Poison       ||    31
    Use: Scroll            ||     4
 Armour: Leather armour    ||     5
  Dodge: Dodged            ||    16

Table legend:
 A = Non-vault XP
 B = Vault XP
 C = Vault XP percentage of total XP
 D = Non-vault monster count
 E = Vault monster count
 F = Vault count percentage of total count
                 A         B        C        D         E       F
            +---------+---------+-------+---------+---------+-------
      Total |      52 |       0 |   0.0 |      31 |       0 |   0.0
            +---------+---------+-------+---------+---------+-------
        D:1 |      33 |       0 |   0.0 |      20 |       0 |   0.0
        D:2 |      19 |       0 |   0.0 |      11 |       0 |   0.0
            +---------+---------+-------+---------+---------+-------
